 Dungeon Crawl Stone Soup version 0.26.1-10-gdfb7c7de75 (webtiles) character file.

Game seed: 9944070425543818313

86 Almogavar the Conjurer (level 4, -9/24 HPs)
             Began as a Deep Elf Conjurer on Apr 9, 2021.
             Shot with an arrow by a centaur (12 damage)
             ... on level 3 of the Dungeon.
             The game lasted 00:06:25 (2187 turns).

Almogavar the Conjurer (Deep Elf Conjurer)          Turns: 2187, Time: 00:06:26

Health: -9/24      AC:  2    Str:  4    XL:     4   Next: 27%
Magic:  6/11       EV: 13    Int: 24    God:
Gold:   50         SH:  0    Dex: 13    Spells: 9/10 levels left

rFire    . . .     SeeInvis .   j - +1 dagger (elec)
rCold    . . .     Faith    .   (no shield)
rNeg     . . .     Spirit   .   a - +0 robe
rPois    .         Reflect  .   (no helmet)
rElec    .         Harm     .   (no cloak)
rCorr    .         Rampage  .   (no gloves)
Will     .....                  (no boots)
Stlth    ++........             (no amulet)
HPRegen  0.08/turn              (no ring)
MPRegen  0.12/turn              (no ring)

@: no status effects
A: no striking features
a: no special abilities


You were on level 3 of the Dungeon.
You visited 1 branch of the dungeon, and saw 3 of its levels.

You collected 50 gold pieces.

Inventory:

Hand Weapons
 j - a +1 dagger of electrocution (weapon)
Armour
 a - a +0 robe (worn)
 b - a +1 scale mail of poison resistance
Scrolls
 c - 4 scrolls of amnesia
 d - 2 scrolls of remove curse
 e - a scroll of magic mapping
 h - a scroll of enchant weapon {unknown}
 i - 2 scrolls of random uselessness {unknown}
Potions
 f - 2 potions of heal wounds
 g - a potion of lignification {unknown}


   Skills:
 + Level 2.7 Dodging
 + Level 2.7 Stealth
 + Level 3.7 Spellcasting
 + Level 5.8 Conjurations


You had 9 spell levels left.
You knew the following spells:

 Your Spells              Type           Power        Failure   Level
a - Magic Dart            Conj           100%         1%          1

Your spell library contained the following spells:

 Spells                   Type           Power        Failure   Level
 Searing Ray              Conj           64%          1%          2
 Dazzling Flash           Conj/Hex       36%          9%          3
 Fulminant Prism          Conj/Hex       9%           30%         4
 Iskenderun's Mystic Bla  Conj/Tloc      18%          30%         4


Dungeon Overview and Level Annotations

Branches:
Dungeon (3/15)

Altars:
Okawaru
Uskayaw


Message History

Aiming: Magic Dart (safe; 1% risk of failure)
Press: ? - help, Shift-Dir - straight line, f/p - centaur
Aim: a centaur, wielding a +0 shortbow and quivering 11 arrows (moderately wounded, 0% to evade)
The magic dart hits the centaur.
The centaur is heavily wounded.
A frilled lizard comes into view.
Unknown command.
Casting: Magic Dart (safe; 1% risk of failure)
Confirm with . or Enter, or press ? or * to list all spells.
Aiming: Magic Dart (safe; 1% risk of failure)
Press: ? - help, Shift-Dir - straight line, f/p - centaur
Aim: a centaur, wielding a +0 shortbow and quivering 11 arrows (heavily wounded, 0% to evade)
The magic dart hits the centaur.
The centaur is heavily wounded.
The frilled lizard hisses angrily.
The centaur shoots an arrow.
The arrow hits you!
* * * LOW HITPOINT WARNING * * *
The centaur shoots an arrow.
The arrow hits you!
Ouch! That really hurt!
You die...

. ..
############l..
#...........K..
#.........c....
#......@.......
#....((........
#.....<........
#..............
...............
...............
.##....?.......
#..!.........


You could see a centaur, a kobold and a frilled lizard.

Vanquished Creatures
  An adder (D:2)
  2 oozes
  3 worms (D:2)
  2 dart slugs
  2 leopard geckos (D:2)
  A ball python (D:2)
  6 bats (D:1)
  4 giant cockroaches
  5 goblins
  2 hobgoblins
  6 jackals (D:1)
  4 frilled lizards
  7 kobolds
  8 rats
53 creatures vanquished.

Notes
Turn   | Place    | Note
-------+----------+-------------------------------------------
     0 | D:1      | Almogavar the Deep Elf Conjurer began the quest for the
                  | Orb.
     0 | D:1      | Reached XP level 1. HP: 10/10 MP: 6/6
   189 | D:1      | Reached XP level 2. HP: 11/15 MP: 0/8
   290 | D:1      | Reached skill level 5 in Conjurations
   820 | D:1      | Reached XP level 3. HP: 19/19 MP: 7/9
  1224 | D:2      | Found a hide-covered altar of Uskayaw.
  1475 | D:2      | Found an iron altar of Okawaru.
  1519 | D:2      | Reached XP level 4. HP: 24/24 MP: 8/11
  2181 | D:3      | Noticed a centaur
  2187 | D:3      | Shot with an arrow by a centaur

Illustrated notes

Levels and vault maps discovered:
D:1:      minmay_arrival_radiant_lines, layout_basic, minmay_small_reverse_x
D:2:      layout_rooms, eat_drink_and_be_merry_uskayaw, serial_forest,
          infiniplex_forest_lined_corner, infiniplex_forest_clump_medium,
          infiniplex_forest_straight_3, infiniplex_forest_clump_double,
          infiniplex_forest_clump_double, infiniplex_forest_straight_4,
          okawaru_gym_becter
D:3:      layout_rooms, overflow_temple_1_default

Skill      XL: |  1  2 |
---------------+-------+-----
Conjurations   | 5 |  5.8
Dodging        | |  2.7
Stealth        | |  2.7
Spellcasting   | |  3.7

Action                   |  1- 3 |  4- 6 || total
-------------------------+-------+-------++-------
Melee: Dagger            |     4 |       ||     4
 Cast: Magic Dart        |    85 |    29 ||   114
  Use: Scroll            |     3 |     2 ||     5
Armor: Robe              |     4 |       ||     4
Dodge: Dodged            |    14 |     2 ||    16
